[Event "DFMM-LV 2023"]
[Site "Braunfels"]
[Date "2023.06.09"]
[Round "1.36"]
[White "Braeutigam, Irina"]
[Black "Prinzen, Siri Marleen"]
[Result "1/2-1/2"]
[Annotator "TA"]
[ECO "B12"]
[WhiteElo "2007"]
[BlackElo "1724"]
[PlyCount "75"]
[EventDate "2023.06.09"]
[EventType "team-tourn"]
[EventCountry "GER"]
[SourceTitle "playchess.com"]
[Source "ChessBase"]
[SourceQuality "1"]
[TimeControl "40/5400+30:1800+30"]

1. e4 c6 2. d4 d5 3. e5 c5 4. dxc5 e6 {[%emt 0:00:31] [#]} 5. h4 $146 ({Predecessor:} 5. a3 Bxc5 6. b4 Be7 7. Nf3 f6 8. Bb2 Nd7 9. c4 Nxe5 10. Nxe5 fxe5 11. Bxe5 Bf6 12. Nd2 a5 {½-½ So,W (2760)-Ding,L (2811) Tata Steel-A 85th 2023 (8)}) 5... Nc6 {[%emt 0:07:46][%mdl 1024] Black has compensation.} 6. Bf4 {[%emt 0:30:56] B12: Caro-Kann: Advance Variation.} (6. Nf3 $15) 6... Nge7 ({Better is} 6... Bxc5 $17 {Threatens to win with ...f6.} 7. Qd2 Bd4) 7. h5 Bd7 (7... Nf5 $11) 8. c3 {[%emt 0:01:57] White is slightly better.} a5 (8... f6 $11 {keeps the balance.}) 9. Nf3 (9. Na3 $5 ) 9... Nc8 (9... Nf5 $14) 10. Bd3 (10. h6 $16) 10... Bxc5 $14 11. O-O (11. h6 $5 g6 12. Qc2 $14) 11... N8e7 12. Nbd2 h6 13. Nb3 (13. Nh4 {seems wilder.} O-O 14. Qg4 Kh8 15. a4) 13... Bb6 14. Qd2 Bc7 (14... a4 $11 15. Nbd4 Nxd4 16. Nxd4 Bxd4 17. cxd4 Qb6) 15. Nc5 Qc8 (15... Bc8 $142) 16. b4 $1 $16 {[%emt 0:02:37] White is much more active. The black rooks are badly placed.} b6 17. Nxd7 Qxd7 18. Bb5 (18. Rfe1 $142) 18... O-O 19. Nd4 Bb8 (19... f6 $1 $14) 20. Rfe1 $18 Qb7 21. bxa5 ({White should play} 21. Bd3 $18) 21... bxa5 $16 {[%emt 0:02:56] aiming for ...Nxd4.} 22. Rab1 {[%emt 0:00:28] Bxc6 would be deadly.} Nxd4 23. cxd4 {[%emt 0:00:05][%cal Of4h6] And now Bxh6! would win.} Qa7 {[%emt 0:00:54] [#]} (23... Ba7 $142 24. Bd3 (24. Qxa5 Bb6 $17 {[%mdl 64] Discovered Attack}) 24... Qd7) 24. a4 (24. Bd3 $1 $18 {[%cal Of4h6] and White stays clearly on top. Black must now prevent Bxh6!} Nf5 25. Bxf5 exf5 26. Bxh6 {[%mdl 64] Demolition} gxh6 27. Qxh6 Qxd4 28. Qg5+ Kh8 29. Qf6+ (29. Qxf5 Ra6 $14) 29... Kh7 30. Qxf5+ Kh8 31. Qf6+ Kh7 32. Rb6) 24... Bc7 25. Rb3 Bb6 26. Rd3 Rac8 27. Rd1 Rc7 {[%emt 0:02:06] [#]} (27... Qc7 $14) 28. Rc3 $2 ({White must play} 28. Bxh6 $1 $18 Nf5 29. Bg5) 28... Rxc3 $11 29. Qxc3 Rc8 30. Qd3 {[%emt 0:00:30] The position is equal.} Rc7 31. Be3 Nc6 32. Qd2 Nb4 33. Qe2 Kh8 34. Qg4 Rc3 35. Bd2 Rc2 36. Be3 Rc3 37. Bd2 Rc2 38. Be3 {[%emt 0:01:34] White really could win this.   Weighted Error Value: White=0.26 (precise) /Black=0.29 (precise)} 1/2-1/2

[Event "DFMM-LV 2023"]
[Site "Braunfels"]
[Date "2023.06.09"]
[Round "1.37"]
[White "Stark, Amalia"]
[Black "Leib, Britta"]
[Result "1/2-1/2"]
[Annotator "TA"]
[ECO "C00"]
[WhiteElo "1499"]
[BlackElo "1960"]
[PlyCount "62"]
[EventDate "2023.06.09"]
[EventType "team-tourn"]
[EventCountry "GER"]
[SourceTitle "playchess.com"]
[Source "ChessBase"]
[SourceQuality "1"]
[TimeControl "40/5400+30:1800+30"]

1. e4 e6 2. c4 d5 3. cxd5 exd5 4. exd5 Nf6 5. Nc3 Nxd5 6. Bc4 c6 {[%emt 0:14:21] C00: French: Unusual White 2nd moves.} 7. Qb3 Qe7+ 8. Nge2 Nb6 {[%emt 0:01:17] The position is equal.} 9. d4 {[%emt 0:06:06] [#]} N8d7 $146 ({Predecessor:} 9... Nxc4 10. Qxc4 Be6 11. Qd3 Nd7 12. O-O Nb6 13. Re1 O-O-O 14. Qc2 Kb8 15. Bf4+ Ka8 {½-½ Freudenberg,J-Schaefer,M Schleswig Holstein-ch U17 1996 (9)}) 10. Be3 Nxc4 11. Qxc4 Nb6 12. Qd3 Be6 13. b3 Qd7 14. Ng3 Bb4 15. O-O O-O 16. Nce4 h6 17. Nh5 (17. Rad1 $15) 17... f5 18. Neg3 Bf7 (18... Nd5 {simplifies} 19. Nf4 Rad8 20. Nxd5 Qxd5 21. Ne2 Bf7) 19. Nxg7 {[%emt 0:12:48][%mdl 64] [#] Decoy} Kxg7 20. Nxf5+ Kf6 21. Nxh6 {[%emt 0:02:25] aiming for Bf4.} Bg6 22. Qe2 {[%emt 0:00:16] White is weak on the light squares} Rae8 {[%emt 0:04:03] [#] Strongly threatening ...Kg7.} 23. Ng4+ $1 Kg7 $1 {[%emt 0:00:07] And now ...Bh5 would win.} 24. Bh6+ Kh8 (24... Kg8 $5 25. Qd1 Rf5 $17) 25. Ne5 (25. Qb2 $11 Nd5 26. Bxf8) 25... Qh7 (25... Qxd4 $2 26. Nxg6+ Kg8 27. Be3 $18) (25... Rg8 $15 26. Bg5 Nd5) 26. Bxf8 $14 Rxf8 27. Qg4 (27. Nxg6+ $14 Qxg6 28. f4) 27... Bf5 $36 {[%emt 0:00:17][%mdl 2048] Black has the initiative.} 28. Qg5 (28. Qe2 $11) 28... Nd5 $17 {[%emt 0:01:10] Hoping for ...Rg8.} 29. g4 $2 (29. Rad1 $17 {is more resistant.}) 29... Be7 $2 {[%emt 0:03:00] A strong pair of Bishops.} (29... Rg8 $19 {is more deadly.} 30. Qh6 {[%mdl 64] Decoy} Qxh6 31. Nf7+ Kh7 32. Nxh6 Kxh6) 30. Qh5 (30. Qd2 $142 Qg7 31. f3) 30... Qxh5 31. gxh5 Bh3 $2 {Weighted Error Value: White=0.43/Black=0.32} (31... Kh7 $17 {and life is bright.} 32. Ng6 Rg8) 1/2-1/2

[Event "DFMM-LV 2023"]
[Site "Braunfels"]
[Date "2023.06.09"]
[Round "1.38"]
[White "Rosmait, Emily"]
[Black "Alferova, Emily"]
[Result "1-0"]
[Annotator "NA RC COMBH"]
[ECO "C94"]
[WhiteElo "1862"]
[BlackElo "1612"]
[PlyCount "111"]
[EventDate "2023.06.09"]
[EventType "team-tourn"]
[EventCountry "GER"]
[SourceTitle "playchess.com"]
[Source "ChessBase"]
[SourceQuality "1"]
[TimeControl "40/5400+30:1800+30"]

1. e4 e5 2. Nf3 Nc6 3. Bb5 a6 4. Ba4 Nf6 5. d3 b5 6. Bb3 Be7 7. c3 d6 8. h3 O-O 9. O-O Bb7 10. Re1 Nb8 11. Nbd2 Nbd7 12. Nf1 Nc5 13. Bc2 Re8 14. Ng3 Bf8 15. Ng5 h6 16. Nf3 a5 17. a4 bxa4 18. Be3 Nfd7 19. Bxc5 Nxc5 20. d4 exd4 21. cxd4 Nd7 22. Bxa4 Re7 23. Qc2 g6 24. Bc6 Bxc6 25. Qxc6 Bg7 26. b4 Re8 27. bxa5 Nf8 28. Ra4 Ne6 29. a6 Qc8 30. e5 dxe5 31. dxe5 Rd8 32. Ne4 Bf8 33. Nf6+ Kg7 34. Rc1 Be7 35. Nd5 Rxd5 36. Qxd5 Rxa6 37. Rxa6 Qxa6 38. Nd4 c5 39. Nxe6+ Qxe6 40. Qxe6 fxe6 41. f4 g5 42. g3 Kg6 43. Kf2 gxf4 44. gxf4 h5 45. Kf3 Kf7 46. Ke4 Kg6 47. Rg1+ Kf7 48. Ra1 Kg6 49. Ra6 Kf7 50. Rc6 Bf8 51. f5 exf5+ 52. Kxf5 Be7 53. Rc7 Ke8 54. Ke6 Bh4 55. Rc8+ Bd8 56. Rxc5 1-0

[Event "DFMM-LV 2023"]
[Site "Braunfels"]
[Date "2023.06.09"]
[Round "1.39"]
[White "Schaefer, Ann-Kathrin"]
[Black "Freter, Anke"]
[Result "0-1"]
[Annotator "NA RC COMBH"]
[ECO "A48"]
[WhiteElo "1695"]
[BlackElo "1855"]
[PlyCount "50"]
[EventDate "2023.06.09"]
[EventType "team-tourn"]
[EventCountry "GER"]
[SourceTitle "playchess.com"]
[Source "ChessBase"]
[SourceQuality "1"]
[TimeControl "40/5400+30:1800+30"]

1. d4 Nf6 2. Nf3 g6 3. e3 Bg7 4. Bd3 O-O 5. b3 d6 6. Bb2 Nbd7 7. e4 e5 8. dxe5 Ng4 9. c4 Ngxe5 10. Nc3 Nxf3+ 11. Qxf3 Ne5 12. Qe3 Qh4 13. h3 Bh6 14. Qe2 Bg4 15. Qc2 f5 16. exf5 Rae8 17. Be4 Bxf5 18. Kf1 Bxe4 19. Nxe4 Ng4 20. Kg1 Nxf2 21. Nxf2 Rxf2 22. Qc3 Rxg2+ 23. Kxg2 Re2+ 24. Kf3 Qe4+ 25. Kg3 Qf4# 0-1

[Event "DFMM-LV 2023"]
[Site "Braunfels"]
[Date "2023.06.09"]
[Round "1.40"]
[White "Kopylov, Diana"]
[Black "Albayrak, Melissa"]
[Result "1-0"]
[Annotator "NA RC COMBH"]
[ECO "D20"]
[WhiteElo "1390"]
[BlackElo "1362"]
[PlyCount "47"]
[EventDate "2023.06.09"]
[EventType "team-tourn"]
[EventCountry "GER"]
[SourceTitle "playchess.com"]
[Source "ChessBase"]
[SourceQuality "1"]
[TimeControl "40/5400+30:1800+30"]

1. d4 d5 2. c4 dxc4 3. e4 e6 4. Bxc4 Bb4+ 5. Nc3 Nf6 6. Bg5 Bxc3+ 7. bxc3 h6 8. Bxf6 Qxf6 9. Nf3 Bd7 10. O-O Qg6 11. Re1 O-O 12. Ne5 Qf6 13. Qb3 b6 14. Ba6 Bc6 15. Qc4 b5 16. Bxb5 Bxb5 17. Qxb5 Qd8 18. Qb7 Nd7 19. Nc6 Qc8 20. Ne7+ Kh8 21. Nxc8 Rfxc8 22. e5 Nb6 23. Qc6 Nd5 24. Rab1 1-0

[Event "DFMM-LV 2023"]
[Site "Braunfels"]
[Date "2023.06.09"]
[Round "1.41"]
[White "Otikova, Elina"]
[Black "Nguyen, Ha Thanh"]
[Result "0-1"]
[Annotator "TA"]
[ECO "B43"]
[WhiteElo "2047"]
[BlackElo "1968"]
[PlyCount "108"]
[EventDate "2023.06.09"]
[EventType "team-tourn"]
[EventCountry "GER"]
[SourceTitle "playchess.com"]
[Source "ChessBase"]
[SourceQuality "1"]
[TimeControl "40/5400+30:1800+30"]

1. e4 c5 2. Nf3 e6 3. d4 cxd4 4. Nxd4 a6 5. Nc3 Qc7 6. Bd3 Nf6 7. O-O Be7 8. Kh1 b5 {[%emt 0:02:34][%cal Bb7b5,Bb5b4][%mdl 32] B43: Sicilian: Kan Variation: 5 Nc3.} 9. a4 b4 10. Na2 Bb7 {[%emt 0:00:34] [#] Black has an edge.} 11. f3 $146 ({Predecessor:} 11. Qe2 Nc6 12. Nb3 d5 13. exd5 Nxd5 14. Bd2 Bd6 15. Qg4 Be5 16. c3 bxc3 17. Nxc3 Nxc3 18. Bxc3 Bxc3 19. bxc3 {0-1 Rethmann,K (1858)-Schwarz,L (1764) GER-chT Lands U21 2011 (4.6)}) 11... Nc6 12. Nxc6 Bxc6 13. c3 bxc3 14. Nxc3 d6 ({Black should play} 14... O-O $11) 15. Be3 O-O 16. Qe2 a5 17. Rac1 Qb7 18. Rfd1 Nd7 (18... d5 $5 ) 19. Bf4 Nc5 20. Bb5 Rfd8 21. Rc2 Bf8 22. Bxc6 Qxc6 23. Nb5 d5 {[%emt 0:12:45] [#]} (23... Qa6 $11 {remains equal.}) 24. exd5 (24. Be3 $1 $16 ) 24... exd5 25. Be3 {[%emt 0:02:15] Hoping for Bxc5.} Qg6 $2 26. Bxc5 $2 (26. Rxc5 $18 Bxc5 27. Bxc5) 26... Rac8 $11 {[%emt 0:00:12] [#]} 27. Qd3 Qxd3 28. Rxd3 {[%emt 0:00:04] Rdc3 is the strong threat.} Rxc5 29. Rxc5 Bxc5 {[%emt 0:00:05][%mdl 4096] Endgame KRB-KRN} 30. g3 g6 31. Kg2 Kg7 32. f4 Kf6 33. Kf3 Rd7 (33... d4 $11) 34. g4 (34. Rc3 $5 Bf8 35. Rc8 $14) 34... h6 35. Nc3 (35. Rc3 $5 Bf8 36. Rc7 $14) 35... Ke6 36. f5+ gxf5 $17 37. gxf5+ Ke5 38. f6 Rd6 39. Kg4 $2 (39. Ke2 $17 {was necessary.}) 39... d4 $19 ({Resist} 39... Rxf6 40. Rxd5+ Ke6 41. Rxc5 $18) ({Weaker is} 39... Kxf6 40. Rh3 $17) 40. Ne2 Rxf6 41. Rh3 $2 (41. Rd1) 41... Rg6+ 42. Kf3 Rf6+ 43. Kg4 Rf2 {[%emt 0:02:10] aiming for ...f5+.} 44. Nc1 Ke4 (44... Rxb2 $2 45. Nd3+ (45. Rxh6 $2 {perishes.} Ke4 $19) 45... Ke4 46. Nxb2 $18) 45. Nd3 Rg2+ 46. Kh5 Bd6 47. Kxh6 Rxh2 48. Nc5+ Kd5 49. Rxh2 Bxh2 {[%emt 0:00:04] KB-KN} 50. Nb3 Bc7 51. Kg5 Ke5 (51... Kc4 $142 52. Nd2+ Kd3 53. Nb3 Ke3 54. Na1 d3 55. Nb3 d2 56. Nxd2 Kxd2 57. Kf6 Kc2 58. Kxf7 Kb3 59. Kf6 Kxa4 60. Kf7 Kb3 61. Kg7 Kxb2 62. Kg6 a4 63. Kf7 a3 64. Ke6 a2 65. Kd7 Bh2 66. Ke7 a1=Q 67. Kf6 Qf1+ 68. Kg6 Kb3 69. Kg5 Be5 70. Kh4 Qg2 71. Kh5 Qg3 72. Kh6 Qg4 73. Kh7 Qg7#) 52. Kg4 Ke4 {[%emt 0:01:16] Black mates.} 53. Nc5+ Ke3 54. Na6 Bd6 {[%emt 0:00:17] Weighted Error Value: White=0.64/Black=0.49} 0-1

[Event "DFMM-LV 2023"]
[Site "Braunfels"]
[Date "2023.06.09"]
[Round "1.43"]
[White "Safonova, Valeria"]
[Black "Bethge, Johanna"]
[Result "1-0"]
[Annotator "NA RC COMBH"]
[ECO "B20"]
[WhiteElo "1753"]
[BlackElo "1721"]
[PlyCount "115"]
[EventDate "2023.06.09"]
[EventType "team-tourn"]
[EventCountry "GER"]
[SourceTitle "playchess.com"]
[Source "ChessBase"]
[SourceQuality "1"]
[TimeControl "40/5400+30:1800+30"]

1. e4 c5 2. b3 d6 3. Bb2 Nc6 4. Bb5 Bd7 5. f4 Nf6 6. d3 Nd4 7. Bxd7+ Nxd7 8. Nf3 e5 9. fxe5 dxe5 10. O-O Bd6 11. Nbd2 O-O 12. Nc4 Bc7 13. a4 a6 14. Ne3 Nf6 15. Ba3 Ne6 16. Qe1 Nh5 17. Nd5 Bd6 18. Qf2 Rc8 19. Bb2 f6 20. Bc1 b5 21. axb5 axb5 22. Be3 c4 23. bxc4 bxc4 24. Nb6 Rc6 25. Nxc4 Bc5 26. Bxc5 Nxc5 27. Qe3 Ne6 28. g3 Qe8 29. Nh4 Nd4 30. Qf2 g6 31. Nf3 Ne6 32. Ra7 Nhg7 33. Rfa1 Rc7 34. Qb6 Qc6 35. Qxc6 Rxc6 36. Rb7 Rc7 37. Raa7 Rxb7 38. Rxb7 Ra8 39. Nd6 Rd8 40. Nc4 Nc5 41. Ra7 Nge6 42. Kf2 Rb8 43. g4 Nf4 44. h4 Nce6 45. g5 fxg5 46. hxg5 Nh3+ 47. Kg3 Nhxg5 48. Nxg5 Nxg5 49. Nxe5 Rb2 50. c4 Rb3 51. Kf4 Ne6+ 52. Ke3 g5 53. Re7 Nf4 54. c5 h5 55. c6 Rc3 56. c7 Kf8 57. Rd7 Ne6 58. Rd8+ 1-0

[Event "DFMM-LV 2023"]
[Site "Braunfels"]
[Date "2023.06.09"]
[Round "1.44"]
[White "Dietrich, Mareike"]
[Black "Hartung, Katja"]
[Result "0-1"]
[Annotator "TA"]
[ECO "C56"]
[WhiteElo "1771"]
[BlackElo "1944"]
[PlyCount "172"]
[EventDate "2023.06.09"]
[EventType "team-tourn"]
[EventCountry "GER"]
[SourceTitle "playchess.com"]
[Source "ChessBase"]
[SourceQuality "1"]
[TimeControl "40/5400+30:1800+30"]

1. e4 e5 2. Nf3 Nc6 3. Bc4 Nf6 4. d4 exd4 5. O-O d6 6. Ng5 ({Better is} 6. Nxd4 $14 Be7 7. Nc3) 6... Ne5 $1 $11 {[%emt 0:01:22] C56: Two Knights: 4 d4 exd4 5 0-0 Nxe4.} 7. Qxd4 h6 {[%emt 0:02:45] Prevents f4.} 8. Nf3 Nxf3+ {[%emt 0:09:45] The position is equal.} 9. gxf3 Bh3 10. Re1 Nd7 11. f4 Qh4 12. Qe3 {[%emt 0:02:59] [#]} g5 $1 {[%emt 0:07:29] Strongly threatening ...gxf4.} 13. Qg3 Rg8 {[%emt 0:03:08] [#]} 14. Kh1 $146 ({Predecessor:} 14. Bf1 gxf4 15. Qxg8 Nf6 16. Qh8 Qg4+ 17. Kh1 f3 18. Bxh3 Qxh3 19. Rg1 Ng4 20. Rxg4 Qxg4 {0-1 Harper,B-Blackburne,J GBR-ch London 1868}) 14... O-O-O 15. Nc3 (15. Bxf7 $11 Rg7 16. Bd5) 15... Nb6 (15... Bg4 $1 $17) 16. Bf1 $2 (16. Qxh4 gxh4 17. Bf1 (17. Bxf7 $2 Rg7 $19) 17... Bxf1 18. Rxf1 Bg7 $15) (16. Bxf7 $14 {stays ahead.} Rg7 17. Bb3) 16... Bg4 (16... Bxf1 $17 17. Rxf1 Re8) 17. h3 (17. a4 {is more complex.} a5 18. Be3 Nd7 19. Bg2) 17... Qxg3 18. fxg3 Bd7 19. Bd2 Bc6 20. Kh2 Bg7 21. Rad1 Rde8 22. Bd3 Bd4 (22... Bxc3 $17 23. bxc3 (23. Bxc3 gxf4 24. g4 Nd7 $15) 23... f6) 23. b3 (23. Nb5 $11 Bxb5 24. Bxb5) 23... gxf4 $17 24. gxf4 {[%emt 0:00:08] [#]} f5 {[%emt 0:00:38] Black has more active pieces.} 25. Nb5 $11 Bf2 26. Nxa7+ Kd7 27. Rf1 (27. Nxc6 $1 $11 {and White is okay.} Bg3+ 28. Kh1 Bxe1 29. Rxe1 Kxc6 30. e5) 27... Bg3+ $19 28. Kh1 {[%emt 0:00:04] Threatens to win with Nxc6.} fxe4 ({Black should play} 28... Bxe4+ $19 29. Bxe4 Rxe4) 29. Nxc6 $4 ({Only move:} 29. Be2 $1 $15) 29... exd3 ({And not} 29... bxc6 30. Be2 $11) 30. Nd4 {[%emt 0:00:32] Prevents Re2.} dxc2 ({But not} 30... c5 $2 31. Nf3 dxc2 32. Rc1 $19) 31. Rc1 Re4 32. Nf3 Bxf4 33. Rxc2 Bxd2 34. Rxd2 Rge8 35. Rg1 (35. Nh2 $17) 35... Re3 36. Rf1 c6 37. h4 (37. Kh2 $142) 37... Nd5 38. Nd4 Rh3+ 39. Rh2 Rxh2+ 40. Kxh2 {[%emt 0:00:01][%mdl 4096] Endgame KRN-KRN} Re4 41. Nf5 Ne3 42. Nxe3 Rxe3 {[%emt 0:00:17] KR-KR} 43. Rf6 h5 44. Rh6 {[%emt 0:00:54] [#]} Re5 45. Rh7+ {[%emt 0:00:00] [#]} Kc8 $1 46. Rh8+ Kc7 47. Rh7+ Kb6 48. Kg3 Ka6 49. Rg7 $2 (49. Kf4 {was worth a try.}) 49... Re3+ 50. Kg2 $2 (50. Kf4 Rh3 51. Rh7 Rxh4+ 52. Kg3) 50... Re2+ 51. Kg3 Rxa2 52. Rg6 Ra3 53. Rxd6 Rxb3+ 54. Kf4 Rb5 55. Rg6 Kb6 (55... Rd5 $142 56. Ke4 Ra5) 56. Rg5 Kc7 (56... Rd5 $142 57. Rg8 Kc5) 57. Kf3 Kd6 (57... Rxg5 $142 58. hxg5 Kd6 59. Kf4 Ke6 60. Kf3 Kf5 61. Ke2 b5 62. Kf2 Kxg5 63. Ke3 h4 64. Kf3 h3 65. Kg3 b4 66. Kxh3 b3 67. Kg2 Kf4 68. Kf2 b2 69. Ke2 b1=Q 70. Kd2 Ke4 71. Kc3 c5 72. Kd2 Qb2+ 73. Kd1 Kf3 74. Ke1 Qe2#) 58. Kf4 Ke6 (58... Rxg5 $142 59. Kxg5 b5 60. Kf5 Kd5 61. Kf4 b4 62. Ke3 Kc4 63. Kf4 b3 64. Kg5 b2 65. Kxh5 b1=Q 66. Kg4 Kd4 67. h5 Qe4+ 68. Kg5 Ke5 69. Kh6 Qg2 70. Kh7 Kf6 71. h6 Kf7 72. Kh8 Qg8#) 59. Rg6+ Kf7 60. Rh6 Kg7 61. Rd6 Rd5 62. Re6 Kf7 63. Rh6 Kg7 64. Re6 Rb5 (64... Kf8 $142 {And now ...Kf7 would win.} 65. Ke3 Rb5) 65. Rd6 $1 Kf7 $2 {[%emt 0:02:12] Against Re6} ({Don't go for} 65... Rd5 $2 66. Re6 $19) (65... Kf8 66. Rd7 b6) 66. Rh6 $1 Ke7 67. Rg6 $2 (67. Ke3) 67... Kd7 68. Rh6 Rc5 (68... Kc7 $142 69. Rf6 Kb6) 69. Rh7+ Kc8 70. Rh8+ Kc7 71. Rh7+ Kb6 {[%emt 0:00:02] ...Ka6 is the strong threat.} 72. Rh6 Kb5 73. Rg6 b6 74. Rg5 Rd5 75. Rg6 Kc5 76. Re6 b5 77. Re1 b4 {[%emt 0:00:11] ( -> ...b3)} 78. Rc1+ Kb5 79. Rb1 Rc5 80. Rb3 Ka4 {[%emt 0:00:09] Black mates.} 81. Re3 b3 82. Re4+ Ka3 83. Re3 Ka2 84. Re8 b2 85. Ra8+ Kb1 86. Rb8 Kc1 {[%emt 0:00:08] Weighted Error Value: White=0.91/Black=0.51} 0-1

[Event "DFMM-LV 2023"]
[Site "Braunfels"]
[Date "2023.06.09"]
[Round "1.45"]
[White "Pflug, Tanja"]
[Black "Kohl, Natalie"]
[Result "1-0"]
[Annotator "TA"]
[ECO "A47"]
[WhiteElo "1994"]
[BlackElo "1504"]
[PlyCount "83"]
[EventDate "2023.06.09"]
[EventType "team-tourn"]
[EventCountry "GER"]
[SourceTitle "playchess.com"]
[Source "ChessBase"]
[SourceQuality "1"]
[TimeControl "40/5400+30:1800+30"]

1. d4 Nf6 2. Bf4 e6 3. e3 b6 4. Nd2 Bb7 5. Ngf3 c5 6. c3 Be7 7. Bd3 Nc6 8. Nc4 {[%emt 0:01:35] A47: 1 d4 Nf6 2 Nf3 b6: Torre, London and Colle Systems.} (8. Ne5 {seems wilder.} O-O 9. O-O Nd5 10. Bg3) 8... d6 9. a4 cxd4 10. exd4 {[%emt 0:00:44] White has an edge.} O-O 11. O-O Rc8 12. Qe2 Na5 13. Nxa5 bxa5 14. Rfe1 {[%emt 0:00:41] [#]} Re8 $146 ({Predecessor:} 14... Qb6 15. Nd2 Rfe8 16. Nc4 Qd8 17. Rad1 Ba6 18. Bc1 Qc7 19. Ne3 Bxd3 20. Qxd3 d5 {½-½ Kirk,E (2442)-Rudd,J (2318) GBR-ch 108th 2022 (2)}) 15. Rad1 Nd5 16. Qe4 (16. Bg3 {simplifies} Rb8 17. h3 g6 18. Nd2) 16... g6 {[%emt 0:09:55] Hoping for ...Bc6.} 17. Bh6 {[%emt 0:04:09] [#] And now c4 would win.} Nxc3 {[%emt 0:12:03] Black cannot hold the game after this.} 18. Qxb7 $18 Nxd1 19. Rxd1 {[%emt 0:00:09] Black is weak on the light squares} Qb6 20. Qxb6 axb6 21. Bb5 {[%emt 0:00:05] Repels d5} Red8 22. d5 Rc5 23. dxe6 fxe6 24. Be3 Rc2 25. Nd4 ({Don't do} 25. Bxb6 Rb8) 25... Rxb2 26. Nxe6 Rc8 27. Bxb6 {[%emt 0:01:46] A strong pair of Bishops.} Rbc2 28. Be3 {[%emt 0:00:26] Repels Rc1} (28. Bxa5 Rc1 29. Rf1 Kf7 $18) 28... Kf7 29. Nd4 R2c7 30. Nb3 d5 31. Rxd5 ({But not} 31. Nxa5 Rc2 32. Nb3 R2c3 $18) 31... Bb4 32. g3 {[%emt 0:01:04] White is clearly winning.} Ke6 33. Rd1 Rc3 34. Bd7+ Ke7 35. Bg5+ Kf7 36. Bxc8 Rxc8 37. Rd5 Ke6 38. Rb5 Be1 39. Bd2 Bxd2 40. Nxd2 Rc1+ 41. Kg2 Rc2 42. Nb3 {[%emt 0:00:05] Weighted Error Value: White=0.04 (flawless) /Black=0.41} 1-0

[Event "DFMM-LV 2023"]
[Site "Braunfels"]
[Date "2023.06.09"]
[Round "1.46"]
[White "Loos, Tilda"]
[Black "Eue, Vicky"]
[Result "0-1"]
[Annotator "NA RC COMBH"]
[ECO "A01"]
[WhiteElo "1401"]
[BlackElo "1682"]
[PlyCount "58"]
[EventDate "2023.06.09"]
[EventType "team-tourn"]
[EventCountry "GER"]
[SourceTitle "playchess.com"]
[Source "ChessBase"]
[SourceQuality "1"]
[TimeControl "40/5400+30:1800+30"]

1. b3 Nc6 2. Bb2 e5 3. e3 a6 4. Ne2 d5 5. d3 Nf6 6. Nd2 Bf5 7. g3 Qd7 8. Bg2 Bh3 9. O-O Bxg2 10. Kxg2 Bd6 11. a3 h5 12. h4 Ng4 13. c4 Ne7 14. b4 Nf5 15. Kg1 Ngxe3 16. fxe3 Nxe3 17. Qb3 Nxf1 18. Rxf1 Qg4 19. Rf2 dxc4 20. Nxc4 O-O 21. Bxe5 Rae8 22. Bxd6 cxd6 23. Nf4 Qxg3+ 24. Kf1 Qxh4 25. Kg2 Re1 26. Nh3 Qg4+ 27. Kh2 Rfe8 28. Nxd6 Rh1+ 29. Kxh1 Qxh3+ 0-1

[Event "DFMM-LV 2023"]
[Site "Braunfels"]
[Date "2023.06.09"]
[Round "2.1"]
[White "Agrest, Inna"]
[Black "Roessler, Ulrike"]
[Result "1/2-1/2"]
[Annotator "TA"]
[ECO "B99"]
[WhiteElo "2287"]
[BlackElo "2176"]
[PlyCount "55"]
[EventDate "2023.06.09"]
[EventType "team-tourn"]
[EventCountry "GER"]
[SourceTitle "playchess.com"]
[Source "ChessBase"]
[SourceQuality "1"]
[TimeControl "40/5400+30:1800+30"]

1. e4 c5 2. Nf3 d6 3. d4 cxd4 4. Nxd4 Nf6 5. Nc3 a6 6. Bg5 e6 7. f4 Be7 8. Qf3 Qc7 9. O-O-O Nbd7 10. g4 h6 11. Bxf6 Bxf6 12. h4 Nb6 {[%emt 0:01:53] seems to push 12...Qb6 aside. B99: Sicilian Najdorf: 6 Bg5 e6 7 f4 Be7 8 Qf3 Qc7 9 0-0-0 Nbd7.} 13. g5 Bxd4 14. Rxd4 Qc5 {[%emt 0:00:10] White is slightly better.} 15. Rd1 Bd7 16. Qd3 hxg5 (16... Na4 {seems wilder.} 17. Nxa4 Bxa4 18. Qd2 hxg5 19. fxg5 g6) 17. fxg5 Rxh4 {[%emt 0:02:41][%mdl 64] [#] Remove Defender, Decoy} 18. Rxh4 Qxg5+ 19. Kb1 {[%emt 0:00:10] Rh8+ would kill now.} Qxh4 {[%emt 0:00:04] [#]} 20. Qd4 $146 ({Reject} 20. Qxd6 Bc6 21. Qe5 g6 $15) ({Predecessor:} 20. Qxd6 Qd8 21. Be2 Nc8 22. Qd4 Kf8 23. Qxd7 Qxd7 24. Rxd7 b5 25. e5 Ne7 26. Ne4 {1-0 Khamdamova,A (2120)-Rosh,J (2325) Titled Tuesday intern op 14th Feb Early blitz 2023 (2)}) 20... Qd8 21. Qxg7 ({Don't play} 21. Qxd6 Na4 22. Be2 Nxc3+ 23. bxc3 Bc6 $15) 21... Bc6 22. Be2 {[%emt 0:08:19][%mdl 1024] White has compensation.} Qe7 23. Rf1 Nd7 24. Bh5 Ne5 25. Qh8+ Qf8 26. Qf6 Qe7 (26... Kd7 $5 27. Qf4 Qe7 $17) 27. Qh8+ Qf8 28. Qf6 {[%emt 0:00:02] Weighted Error Value: White=0.11 (very precise) /Black=0.08 (flawless)} 1/2-1/2